 Dungeon Crawl Stone Soup version 0.21.1-1-g345015fe64 (webtiles) character file.

252 Bapho the Chopper (level 5, -3/47 HPs)
             Began as a Minotaur Monk on June 29, 2018.
             Slain by a phantom (5 damage)
             ... on level 4 of the Dungeon.
             The game lasted 00:04:34 (2716 turns).

Bapho the Chopper (Minotaur Monk)                   Turns: 2716, Time: 00:04:35

Health: -3/47      AC:  6    Str: 16    XL:     5   Next: 89%
Magic:  4/4        EV: 17    Int:  7    God:
Gold:   237        SH:  0    Dex: 13    Spells: 4/4 levels left

rFire    . . .     SeeInvis .   a - +0 hand axe
rCold    . . .     Gourm    .   (no shield)
rNeg     . . .     Faith    .   d - +0 ring mail
rPois    .         Spirit   .   (helmet restricted)
rElec    .         Reflect  .   (no cloak)
rCorr    .         Harm     .   l - +0 pair of gloves
MR       .....                  (no boots)
Stlth    ..........             (no amulet)
HPRegen  0.15/turn              f - ring of loudness (curse)
MPRegen  0.09/turn              i - +4 ring of evasion

@: no status effects
A: retaliatory headbutt, horns 2
a: no special abilities


You were on level 4 of the Dungeon.
You were not hungry.

You visited 1 branch of the dungeon, and saw 4 of its levels.

You collected 237 gold pieces.

Inventory:

Hand Weapons
 a - a +0 hand axe (weapon)
Missiles
 o - 42 stones (quivered)
Armour
 b - a +0 robe
 d - a +0 ring mail (worn)
 g - a +0 leather armour
 l - a +0 pair of gloves (worn)
Jewellery
 f - a cursed ring of loudness (left hand)
 h - an uncursed ring of poison resistance
 i - a +4 ring of evasion (right hand)
 m - an uncursed ring of wizardry
Scrolls
 r - 2 scrolls of fear
 s - a scroll of magic mapping
Potions
 e - 3 potions of curing
 j - a potion of lignification
 k - a potion of agility {unknown}
 p - 3 potions of heal wounds
 q - a potion of experience {unknown}
 t - a potion of invisibility {unknown}
 u - a potion of haste {unknown}
Comestibles
 c - 8 rations
 n - 2 chunks of flesh


   Skills:
 + Level 4.8 Fighting
 * Level 5.7 Axes
 + Level 2.8 Armour
 + Level 4.4 Dodging
 - Level 1.5 Stealth


You had 4 spell levels left.
You didn't know any spells.

Dungeon Overview and Level Annotations

Branches:
Dungeon (4/15)
 Temple: D:4-7

Altars:
Kikubaaqudgha


Innate Abilities, Weirdness & Mutations

You reflexively headbutt those who attack you in melee.
You have a pair of horns on your head.


Message History

The phantom is severely damaged.
The phantom blinks!
Things that are here:
a hound corpse; a worker ant corpse Butcher a hound corpse? [(y)es/(c)hoosy/(n)o/(a)ll/(e)dible/(q)uit/?]
You butcher the hound corpse.
You feel sick.
You are no longer poisoned.
You butcher the worker ant corpse.
Things that are here:
2 chunks of flesh; a hound skeleton; 3 chunks of flesh The phantom hits you.
* * * LOW HITPOINT WARNING * * *
The phantom blinks!
The phantom blinks!
The phantom hits you.
* * * LOW HITPOINT WARNING * * *
You hit the phantom.
The phantom is severely damaged.
The phantom hits you.
You die...

##..# ###..## #....#
#%#....... #.#....##.
#######.#....#
#.....#.###### >
#.....#.# #. .#
#.....W@# ##.###.#
#.......######..#...# #
#............#.#..#.# ##
#......#####........###.
#......# ##.........##.
#####..####...........#.
#..................#.
#.#####........>.....
#.# ###............


You could see a phantom.

Vanquished Creatures
  2 hounds (D:4)
  A bullfrog skeleton (D:4)
  3 worker ants
  3 adders
  A worm (D:2)
  2 dart slugs
  5 leopard geckos
  2 giant cockroaches
  9 goblins
  4 hobgoblins
  4 jackals (D:3)
  8 kobolds
  A quokka (D:4)
  7 bats
  3 frilled lizards
  A leopard gecko skeleton (D:4)
  4 rats
60 creatures vanquished.

Notes
Turn   | Place    | Note
-------+----------+-------------------------------------------
     0 | D:1      | Bapho the Minotaur Monk began the quest for the Orb.
     0 | D:1      | Reached XP level 1. HP: 19/19 MP: 0/0
   577 | D:1      | Reached XP level 2. HP: 23/27 MP: 1/1
  1042 | D:1      | Reached skill level 4 in Axes
  1296 | D:2      | Reached skill level 1 in Armour
  1368 | D:2      | Reached XP level 3. HP: 30/33 MP: 2/2
  1708 | D:2      | Reached XP level 4. HP: 34/40 MP: 3/3
  1819 | D:2      | Found a faded altar of an unknown god.
  2286 | D:3      | Reached skill level 5 in Axes
  2378 | D:4      | Reached XP level 5. HP: 47/47 MP: 4/4
  2441 | D:4      | Found an ancient bone altar of Kikubaaqudgha.
  2679 | D:4      | Noticed a phantom
  2715 | D:4      | HP: 2/47 [phantom (5)]
  2716 | D:4      | Slain by a phantom

Skill      XL: |  1  2  3  4 |
---------------+-------------+-----
Axes           | 4 5 |  5.7
Armour         | 1 2 |  2.8
Fighting       | 4 |  4.8
Dodging        | 4 |  4.4
Stealth        | |  1.5

Action                   |  1- 3 |  4- 6 || total
-------------------------+-------+-------++-------
Melee: Hand axe          |    59 |    80 ||   139
       Headbutt          |     7 |    16 ||    23
Throw: Stone             |    20 |    41 ||    61
  Use: Scroll            |     1 |     7 ||     8
  Eat: Chunk             |     2 |     4 ||     6
Armor: Robe              |     2 |       ||     2
       Ring mail         |    10 |    15 ||    25
Dodge: Dodged            |    46 |    75 ||   121
